 Dungeon Crawl Stone Soup version 0.31.0-9-g3a7656b989 (webtiles) character file.

Game seed: 13035549999671516439

648 GordonOverkill the Cudgeller (level 7, -6/40 (52) HPs)
             Began as a Formicid Delver on Jan 25, 2024.
             Mangled by Pikel
             ... wielding a +2 whip of flaming
              (11 damage)
             ... on level 4 of the Dungeon.
             The game lasted 00:07:44 (4537 turns).

GordonOverkill the Cudgeller (Formicid Delver)      Turns: 4537, Time: 00:07:45

HP:   -6/40 (52)    AC:  8    Str: 19    XL:     7   Next: 83%
MP:   7/7           EV: 10    Int:  9    God:
Gold: 199           SH:  0    Dex: 15    Spells: 6/6 levels left

rFire   . . .        a - +3 dagger (venom)
rCold   . . .        (no shield)
rNeg    . . .        s - +0 scale mail
rPois   .            (helmet unavailable)
rElec   .            b - +0 cloak
rCorr   .            (no gloves)
SInv    +            (no boots)
Will    .....        (no amulet)
Stlth   ++           (no ring)
HPRegen 0.26/turn    (no ring)
MPRegen 0.10/turn

%: no passive effects
@: heavily drained
A: permanent stasis, dig shafts and tunnels, antennae 3, four strong arms
a: Dig, Shaft Self


You were on level 4 of the Dungeon.
You visited 1 branch of the dungeon, and saw 6 of its levels.

You collected 199 gold pieces.

Inventory:

Hand Weapons
 a - a +3 dagger of venom (weapon)
 j - a +2 morningstar of flaming
 k - the +4 hammer "Zusaman" {freeze, +Blink rF+ rC++ Str-2}
   (You found it on level 3 of the Dungeon)

   Str-2:     It affects your strength (-2).
   rF+:       It protects you from fire.
   rC++:      It greatly protects you from cold.
   +Blink:    It lets you blink.
 n - a +2 short sword of electrocution
Missiles
 h - 4 poisoned darts (quivered)
 u - 3 boomerangs
Armour
 b - a +0 cloak (worn)
 s - a +0 scale mail (worn)
Wands
 f - a wand of digging (3)
Scrolls
 c - a scroll of fog
 d - a scroll of revelation
 g - 2 scrolls of identify {unknown}
 i - a scroll of brand weapon {unknown}
 m - a scroll of blinking {unknown}
 q - 2 scrolls of teleportation {unknown}
 r - a scroll of enchant weapon {unknown}
Potions
 t - a potion of might {unknown}


   Skills:
 - Level 3.2 Fighting
 - Level 4.0 Short Blades
 + Level 6.2 Maces & Flails
 - Level 3.2 Armour
 - Level 1.7 Dodging
 - Level 6.0 Stealth


You had 6 spell levels left.
You didn't know any spells.
Your spell library contained the following spells:

 Spells                   Type           Power      Damage    Failure   Level
 Apportation              Tloc           0%         N/A       75%         1
 Necrotise                Necr           0%         1d4       75%         1
 Slow                     Hex            0%         N/A       75%         1
 Sting                    Conj/Alch      0%         1d3       75%         1
 Summon Small Mammal      Summ           0%         N/A       75%         1
 Confusing Touch          Hex            0%         N/A       98%         3
 Sigil of Binding         Hex            0%         N/A       98%         3
 Vampiric Draining        Necr           0%         2d6       98%         3


Dungeon Overview and Level Annotations

Branches:
Dungeon (6/15)
 Temple: D:4-7

Altars:

Annotations:
D:4 Pikel


Innate Abilities, Weirdness & Mutations

You cannot be hasted, slowed, berserked, paralysed or teleported.
You can dig through walls and to a lower floor.
You have a pair of large antennae on your head. (SInv)
Your four strong arms can wield two-handed weapons with a shield.


Message History

You barely miss Pikel.
Pikel is lightly wounded.
Pikel hits you with a +2 whip of flaming.
* * * LOW HITPOINT WARNING * * *
Pikel burns you.
* * * LOW HITPOINT WARNING * * *
You closely miss Pikel.
Pikel is lightly wounded.
Pikel misses you.
You hit Pikel but do no damage.
Pikel looks as sick as possible!
Pikel is lightly wounded.
Pikel hits you with a +2 whip of flaming.
* * * LOW HITPOINT WARNING * * *
Pikel burns you.
* * * LOW HITPOINT WARNING * * *
You hit Pikel but do no damage.
Pikel is moderately wounded.
Okay, then.
It was a potion of attraction.
You feel attractive to monsters. Pikel closely misses you.
The lemure is attracted toward you.
You hit Pikel but do no damage.
Pikel looks as sick as possible!
Pikel is moderately wounded.
Pikel hits you with a +2 whip of flaming.
* * * LOW HITPOINT WARNING * * *
Pikel burns you.
* * * LOW HITPOINT WARNING * * *
It was a potion of cancellation.
Your magical effects are unravelling.
You feel magically purged.
Pikel hits you with a +2 whip of flaming.
* * * LOW HITPOINT WARNING * * *
Pikel burns you.
* * * LOW HITPOINT WARNING * * *
You feel less attractive to monsters.
It was a potion of berserk rage.
Your stasis prevents you from going berserk.
Pikel hits you with a +2 whip of flaming!
You die...
Pikel says, "See you in Hell!"

#.............#.............).
#.............#..############'
#.............#..# ###....
#...#######'#.#..#### #.'...)
#...# #.#.#.....## #.#..).
#...# #.#.#.###..###.#....
#...# #.#.#.# ##..##.#....
#...# #.#.#.# ##.##.#....
#...# #.#@#.# #.##.#.... #####
#.#K#'### #.##.#.... #.#5....#
#.##.#.... #.'...5.#
#.##.#....
###.....###..#.#)...
#......ยง..)#.#####
#..........[...#
#..........#.#.##
#..........#.#..#


You could see Pikel (extremely poisoned) and a lemure.

Vanquished Creatures
  2 lemures (D:4)
  A phantom (D:2)
  3 wights (D:4)
  A hound (D:4)
  Crazy Yiuf (D:3)
  An iguana (D:4)
  A sleepcap (D:4)
  Terence (D:3)
  Natasha (thrice) (D:3)
  An orc wizard (D:4)
  11 gnolls (D:4)
  3 adders
  A dart slug (D:2)
  2 orcs (D:4)
  8 bats
  3 endoplasms (D:4)
  2 giant cockroaches
  5 goblins
  6 hobgoblins
  4 quokkas
  7 ball pythons
  A frilled lizard (D:1)
  5 kobolds
  6 rats
79 creatures vanquished.

Notes
Turn   | Place    | Note
-------+----------+-------------------------------------------
     0 | D:5      | GordonOverkill the Formicid Delver began the quest for the
                  | Orb.
     0 | D:5      | Reached XP level 1. HP: 18/18 MP: 1/1
    24 | D:6      | Noticed a bullfrog
    24 | D:6      | Noticed a hound
   116 | D:5      | Noticed an orc wizard
   333 | D:4      | Noticed a wight
   333 | D:4      | Noticed a wight
   333 | D:4      | Noticed a wight
   361 | D:5      | Noticed Pikel
   361 | D:5      | Noticed a lemure
   361 | D:5      | Noticed a lemure
   368 | D:4      | Noticed a sleepcap
   395 | D:4      | Reached XP level 2. HP: 24/24 MP: 2/2
   759 | D:2      | Reached XP level 3. HP: 25/29 MP: 3/3
  1028 | D:1      | Reached skill level 1 in Short Blades
  1500 | D:2      | Noticed a phantom
  1517 | D:2      | Killed a phantom
  1518 | D:2      | Reached XP level 4. HP: 13/35 MP: 4/4
  1518 | D:2      | Reached XP level 5. HP: 15/41 MP: 5/5
  2331 | D:3      | Noticed Natasha
  2337 | D:3      | Killed Natasha
  2482 | D:3      | Noticed Terence
  2490 | D:3      | Killed Terence
  2491 | D:3      | Reached skill level 1 in Armour
  2491 | D:3      | Reached XP level 6. HP: 44/47 MP: 6/6
  2621 | D:3      | Found a runed translucent door.
  2622 | D:3      | Noticed Crazy Yiuf
  2705 | D:3      | Noticed Natasha
  2713 | D:3      | Killed Natasha
  2876 | D:3      | Noticed Natasha
  2887 | D:3      | Killed Natasha
  2981 | D:3      | Killed Crazy Yiuf
  3049 | D:3      | Identified the +4 hammer "Zusaman" {freeze, +Blink rF+ rC++
                  | Str-2}
  3339 | D:4      | Reached XP level 7. HP: 52/52 MP: 7/7
  3427 | D:4      | Reached skill level 5 in Maces & Flails
  4537 | D:4      | Mangled by Pikel

Illustrated notes

Levels and vault maps discovered:
D:1:      dpeg_arrival_signposts, layout_basic
D:2:      layout_basic, st_stairs_9, minmay_pentomino_p4
D:3:      layout_loops_ring, minivault_4, serial_bayou_pond_c, uniq_terence,
          uniq_natasha, uniq_crazy_yiuf_cottage
D:4:      layout_basic
D:5:      cheibrodos_thug_alley, layout_gridville,
          mainiacjoe_overflow_tiny_flanked, hex_medium,
          nicolae_underground_beach, uniq_pikel, uniq_grinder
D:6:      minmay_chambers_of_sixes, layout_basic,
          nicolae_overflow_hallway_of_the_gods, kennysheep_nub

Skill      XL: |  1  2  3  4  5  6  7 |
---------------+----------------------+-----
Maces & Flails | 3 4 6 |  6.2
Short Blades   | 3 4 |  4.0
Armour         | 1 3 |  3.2
Fighting       | |  3.2
Dodging        | |  1.7
Stealth        | |  6.0

Action                     |  1- 3 |  4- 6 |  7- 9 || total
---------------------------+-------+-------+-------++-------
  Melee: Mace              |    43 |       |       ||    43
         Short sword       |    55 |    57 |       ||   112
         Punch             |     1 |       |     1 ||     2
         Morningstar       |       |    22 |    23 ||    45
         Dagger            |       |       |    75 ||    75
Ability: Dig               |       |       |     3 ||     3
    Use: Scroll            |     2 |       |     1 ||     3
         Potion            |       |     4 |     4 ||     8
   Stab: Sleeping          |     8 |     6 |     1 ||    15
 Armour: Leather armour    |    44 |       |       ||    44
         Scale mail        |    13 |    39 |    68 ||   120
         Skin              |       |     8 |       ||     8
  Dodge: Dodged            |    52 |    20 |    45 ||   117
